 Dungeon Crawl Stone Soup version 0.17.1-3-g152610e (webtiles) character file.

156 Zhenya25pyc the Covered (level 5, -2/33 HPs)
             Began as a Gargoyle Fighter on Apr 8, 2016.
             Slain by a river rat (3 damage)
             ... on level 4 of the Dungeon.
             The game lasted 00:05:21 (2096 turns).

Zhenya25pyc the Covered (Gargoyle Fighter)          Turns: 2096, Time: 00:05:22

Health: -2/33      AC: 13    Str: 20    XL:     5   Next: 38%
Magic:  5/5        EV:  5    Int:  9    God:
Gold:   164        SH:  9    Dex:  9    Spells: 0 memorised, 4 levels left

rFire  . . .     SeeInvis .     a - +0 flail
rCold  . . .     Clarity  .     g - +0 chain mail
rNeg   + . .     SustAt   +     c - +0 shield
rPois  ∞         Gourm    .     (no helmet)
rElec  +         Spirit   .     (no cloak)
rCorr  .         Warding  .     (no gloves)
rMut   .         Stasis   .     (no boots)
MR     .....                    (no amulet)
Stlth  ..........               (no ring)
                                l - ring of sustain attributes

@: not resistant to hostile enchantments, extremely unstealthy
A: negative energy resistance 1, electricity resistance, unbreathing,
petrification resistance, rot immunity, AC +4
a: no special abilities


You were on level 4 of the Dungeon.
You were not hungry.

You visited 1 branch of the dungeon, and saw 4 of its levels.

You collected 164 gold pieces.

Inventory:

Hand Weapons
 a - a +0 flail (weapon)
Armour
 c - a +0 shield (worn)
 g - a +0 chain mail (worn)
Jewellery
 l - a ring of sustain attributes (left hand)
 w - an uncursed amulet of resist mutation {unknown}
Scrolls
 b - a scroll of immolation {unknown}
 j - a scroll of random uselessness {unknown}
 m - a scroll of teleportation {unknown}
 o - 2 scrolls of identify {unknown}
 q - a scroll of recharging {unknown}
 s - 2 scrolls of enchant weapon {unknown}
 u - 2 scrolls of remove curse {unknown}
Potions
 d - a potion of might
 h - 2 potions of cancellation {unknown}
 n - a potion of cure mutation {unknown}
 p - a potion of flight {unknown}
 r - a potion of beneficial mutation {unknown}
 t - a potion of brilliance {unknown}
 v - a potion of poison
 x - a potion of heal wounds {unknown}
Comestibles
 e - 4 bread rations
 f - a beef jerky
 i - 3 fruits
 k - 4 meat rations


   Skills:
 + Level 3.9 Fighting
 * Level 4.2 Maces & Flails
 + Level 4.3 Armour
 - Level 3.2 Shields


You had 4 spell levels left.
You didn't know any spells.

Dungeon Overview and Level Annotations

Branches:
Dungeon (4/15)
 Temple: D:4-7

Altars:

Portals:
Sewer: D:4


Innate Abilities, Weirdness & Mutations

You are resistant to torment.
Your stone body is resilient (AC +4).
You are immune to poison.
You resist negative energy.
You are resistant to electric shocks.
You can survive without breathing.
You are immune to petrification.
You are immune to rotting.


Message History

You block the river rat's attack.
You hit the river rat but do no damage. You block the river rat's attack.
You closely miss the river rat. You block the giant cockroach's attack.
The river rat barely misses you.
You closely miss the river rat. You block the giant cockroach's attack.
You block the giant cockroach's attack.
The river rat bites you but does no damage.
The giant cockroach bites you but does no damage.
You closely miss the river rat.
The giant cockroach bites you but does no damage.
You block the river rat's attack.
The giant cockroach waves its antennae.
You block the giant cockroach's attack.
The giant cockroach bites you but does no damage.
The river rat bites you.
* * * LOW HITPOINT WARNING * * *
It was a potion of poison.
You feel slightly nauseous.
The giant cockroach bites you but does no damage.
You block the giant cockroach's attack. The river rat bites you.
You die...

#..........#
........#.........##
...........######'##
..≈≈≈...####.<.....#
.≈≈≈≈≈.............#
.≈≈∩≈≈.............#
.≈≈≈≈≈.............#
..≈≈≈.s............#
......s@r..........#
........####.......#
.#......#..#.......#
........#..#.......#
##......#.['.......#
#......####....)..#
#.#####...........#
#. #...........#
#...........#


You could see a river rat and 2 giant cockroaches.

Vanquished Creatures
  A worker ant (D:4)
  5 adders
  2 oozes
  4 worms
  3 orcs
  3 giant cockroaches
  7 hobgoblins
  3 jackals (D:3)
  A quokka (D:2)
  6 ball pythons
  4 bats
  3 giant newts
  12 goblins
  3 kobolds
  8 rats
65 creatures vanquished.

Notes
Turn   | Place    | Note
--------------------------------------------------------------
     0 | D:1      | Zhenya25pyc the Gargoyle Fighter began the quest for the Orb.
     0 | D:1      | Reached XP level 1. HP: 14/14 MP: 1/1
   259 | D:1      | Reached XP level 2. HP: 19/19 MP: 2/2
   557 | D:2      | Reached XP level 3. HP: 20/23 MP: 3/3
   572 | D:2      | Reached skill level 4 in Armour
   805 | D:2      | Reached XP level 4. HP: 26/28 MP: 4/4
  1638 | D:3      | Reached XP level 5. HP: 33/33 MP: 5/5
  2075 | D:4      | Found a glowing drain.
  2095 | D:4      | HP: 1/33 [river rat (5)]
  2096 | D:4      | Slain by a river rat

Action                   |  1- 3 |  4- 6 || total
-------------------------+-------+-------++-------
Melee: Flail             |   145 |   122 ||   267
  Use: Potion            |       |     1 ||     1
  Eat: Chunk             |       |     3 ||     3
       Meat ration       |       |     1 ||     1
